 Dungeon Crawl Stone Soup version 0.25-a0-317-g5f8687bca5 (webtiles) character file.

Game seed: 5759631928634082599, levelgen mode: deterministic

11610 zeroloss the Markscentaur (level 11, -1/99 HPs)
             Began as a Centaur Berserker on Dec 26, 2019.
             Was an Elder of Trog.
             Slain by a wolf (4 damage)
             ... on level 9 of the Dungeon.
             The game lasted 00:23:20 (12198 turns).

zeroloss the Markscentaur (Centaur Berserker)      Turns: 12198, Time: 00:23:21

Health: -1/99      AC:  9    Str: 24    XL:     11   Next: 51%
Magic:  0/20       EV:  4    Int:  7    God:    Trog [****..]
Gold:   446        SH:  0    Dex: 10    Spells: 10/10 levels left

rFire    . . .     SeeInvis .   N - +1 shortbow (flame)
rCold    . . .     Gourm    .   (shield currently unavailable)
rNeg     . . .     Faith    .   l - +1 plate armour
rPois    .         Spirit   +   (no helmet)
rElec    .         Reflect  .   (no cloak)
rCorr    .         Harm     .   (no gloves)
MR       .....                  (no barding)
Stlth    ..........             P - amulet of guardian spirit
HPRegen  0.26/turn              m - ring of magical power
MPRegen  0.17/turn              S - +3 ring of strength

@: lethally poisoned (-1 -> -2), very quick
A: large, hooves 3, deformed body, speed 2, tough skin 3
a: Berserk, Trog's Hand, Brothers in Arms, Renounce Religion


You were on level 9 of the Dungeon.
You worshipped Trog.
Trog was greatly pleased with you.
You were hungry.

You visited 2 branches of the dungeon, and saw 11 of its levels.

You collected 592 gold pieces.
You spent 146 gold pieces at shops.

Inventory:

Hand Weapons
 E - the +5 spear "Ecrez" {protect, *Rage rElec MR+}
   (You found it on level 4 of the Dungeon)

   It grants its wielder temporary protection when it strikes (+7 to AC).
   It insulates you from electricity.
   It affects your resistance to hostile enchantments.
   It may make you go berserk in combat.
 I - the +10 whip of Proximity {venom, +Fly}
   (You found it on level 8 of the Dungeon)

   It poisons the flesh of those it strikes.
   It lets you fly.
 M - a +1 demon blade of flaming
 N - a +1 shortbow of flaming (weapon)
Missiles
 c - 8 curare-tipped darts
 u - 144 arrows (quivered)
Armour
 a - a +0 animal skin
 e - a +0 ring mail
 h - a +0 scale mail
 l - a +1 plate armour (worn)
 r - +0 ice dragon scales
 t - a +2 large shield
 B - a +0 helmet
 V - the +2 robe of Japp {rElec rC+ Str+8 Dex-4}
   (You found it on level 8 of the Dungeon)

   It affects your strength (+8).
   It affects your dexterity (-4).
   It protects you from cold.
   It insulates you from electricity.
Jewellery
 m - a ring of magical power (left hand)
 P - an amulet of guardian spirit (around neck)
 S - a +3 ring of strength (right hand)
 W - a +2 amulet of reflection {unknown}
Wands
 f - a wand of polymorph (7)
 w - a wand of acid (5)
 z - a wand of iceblast (13)
 C - a wand of flame (9)
 Q - a wand of random effects (16)
 X - a wand of paralysis (15)
 Y - a wand of digging (8)
Scrolls
 d - a scroll of blinking
 g - 3 scrolls of enchant armour
 i - a scroll of enchant weapon
 o - 4 scrolls of fog
 q - 2 scrolls of identify
 x - a scroll of fear
 y - a scroll of noise
 A - 3 scrolls of teleportation
 G - 7 scrolls of remove curse
 O - a scroll of amnesia
 U - 3 scrolls of magic mapping {unknown}
 Z - a scroll of immolation {unknown}
Potions
 j - a potion of cancellation {unknown}
 k - 2 potions of brilliance
 n - a potion of invisibility
 p - 2 potions of flight
 s - 6 potions of degeneration
 v - a potion of mutation
 D - 5 potions of curing
 F - a potion of ambrosia
 J - 2 potions of berserk rage
 K - a potion of lignification
 R - a potion of agility {unknown}
Miscellaneous
 T - a phantom mirror
Comestibles
 b - 14 rations


   Skills:
 - Level 9.6 Fighting
 + Level 18.9 Bows
 - Level 1.3 Armour
 - Level 1.3 Dodging
 - Level 3.0 Unarmed Combat


You had 10 spell levels left.
You didn't know any spells.
Your spell library contained the following spells:

 Spells                   Type           Power        Failure   Level  Hunger
 Animate Skeleton         Necr           N/A          100%        1    ##.....
 Pain                     Necr           #...         100%        1    ##.....
 Gell's Gravitas          Tloc           #.........   100%        3    ####...
 Portal Projectile        Hex/Tloc       #.....       100%        3    ####...
 Regeneration             Chrm/Necr      #.........   100%        3    ####...
 Vampiric Draining        Necr           #.........   100%        3    ####...
 Animate Dead             Necr           N/A          100%        4    #####..
 Dispersal                Tloc           #.........   100%        6    #######
 Controlled Blink         Tloc           N/A          100%        8    #######
 Disjunction              Tloc           #.........   100%        8    #######


Dungeon Overview and Level Annotations

Branches:
Dungeon (10/15)            Temple (0/1) D:6            Lair (1/6) D:9
    Orc: D:9-12

Altars:
Ashenzari
Cheibriados
Gozag
Makhleb
Qazlal
Wu Jian
Yredelemnul

Shops:
D:4 ?!}!?

Annotations:
D:9 1 runed translucent door, Borgoz's ghost, novice GrFi


Innate Abilities, Weirdness & Mutations

You have hooves in place of feet.
Armour fits poorly on your strangely shaped body.
You cover ground very quickly.
You have extremely tough skin. (AC +3)


Message History

* * * LOW HITPOINT WARNING * * *
Firing (i - inventory. (/) - cycle)
u - 147 arrows (quivered)
Press: ? - help, Shift-Dir - straight line, f/p - wolf
Aim: a wolf (severely wounded)
You shoot an arrow. The arrow barely misses the wolf.
The wolf bites you but does no damage.
The wolf pauses to sniff the ground.
The wolf bites you but does no damage.
Firing (i - inventory. (/) - cycle)
u - 146 arrows (quivered)
Press: ? - help, Shift-Dir - straight line, f/p - wolf
Aim: a wolf (severely wounded)
You shoot an arrow. The arrow barely misses the wolf.
The wolf bites you!
* * * LOW HITPOINT WARNING * * *
The wolf bites you.
* * * LOW HITPOINT WARNING * * *
Firing (i - inventory. (/) - cycle)
u - 145 arrows (quivered)
Press: ? - help, Shift-Dir - straight line, f/p - wolf
Aim: a wolf (severely wounded)
You shoot an arrow. The arrow barely misses the wolf.
The wolf bites you.
You die...

##'###....[## #.# #..#..(....#
##.# ####.......## #..#
#..[......# ##.## ####.........##
#..# #.......>.....####)########
###.............#...........#
..'...........Sh#...........#
###...#.......#h@[..........#
#...#.......###...........####
######.....## #..............#
##.###...## #...........##.##
#..# ##.## ########.##.....#
###.## ##.# #..........###..
#...# #..# ####'######..##⌠##.
##'######.#####...........##.(.##
......[...#...'.........†##..%..#


You could see a water moccasin and 2 wolves.

Vanquished Creatures
  Josephine (D:10)
  An ice dragon (D:10)
  2 two-headed ogres
  Maurice (D:9)
  2 hippogriffs
  A shadow (D:7)
  Sigmund (D:2)
  A wyvern (D:9)
  A human (D:7)
  4 wraiths (D:10)
  3 yaks (D:9)
  4 hogs (D:7)
  A hungry ghost (D:10)
  Menkaure (D:4)
  Edmund (D:6)
  3 wargs (D:9)
  An acid dragon (D:9)
  A water moccasin (D:9)
  2 eyes of draining
  6 ice beasts
  An orc warrior (D:6)
  A sky beast (D:10)
  A hornet zombie (D:9)
  A phantom (D:8)
  A wolf (D:9)
  A black bear (D:8)
  A necrophage (D:8)
  5 ogres
  5 centaurs
  A big kobold (D:9)
  A crocodile (D:9)
  7 bullfrogs
  A wyvern zombie (D:6)
  A scorpion (D:10)
  9 killer bees
  5 wights
  4 electric eels
  3 howler monkeys (D:9)
  3 crimson imps
  4 hounds
  3 orc priests
  A bullfrog skeleton (D:9)
  A gnoll shaman (D:4)
  A jelly (D:9)
  14 orc wizards
  A centaur skeleton (D:8)
  Jessica (D:2)
  3 iguanas
  7 worker ants
  A hound zombie (D:7)
  3 hound skeletons
  2 worker ant zombies (D:7)
  Robin (D:4)
  A howler monkey skeleton (D:7)
  4 gnolls
  13 adders
  4 adder skeletons
  3 worms
  A dart slug (D:3)
  6 leopard geckos
  28 orcs
  3 giant cockroaches
  13 goblins
  8 hobgoblins
  10 jackals (D:4)
  13 kobolds
  4 quokkas
  A ball python (D:2)
  9 bats
  2 frilled lizards
  A leopard gecko zombie (D:8)
  A quokka skeleton (D:8)
  3 rats
261 creatures vanquished.

Vanquished Creatures (collateral kills)
  A crimson imp (D:10)
1 creature vanquished.

Vanquished Creatures (others)
  A shadow imp (D:8)
1 creature vanquished.

Grand Total: 263 creatures vanquished

Notes
Turn   | Place    | Note
-------+----------+-------------------------------------------
     0 | D:1      | zeroloss the Centaur Berserker began the quest for the Orb.
     0 | D:1      | Reached XP level 1. HP: 19/19 MP: 1/1
   656 | D:1      | Reached XP level 2. HP: 26/26 MP: 2/2
  1113 | D:2      | Reached XP level 3. HP: 28/33 MP: 3/3
  1345 | D:2      | Noticed Jessica
  1356 | D:2      | Killed Jessica
  1415 | D:2      | Found a stormy altar of Qazlal.
  1415 | D:2      | Found an ornate altar of the Wu Jian Council.
  1509 | D:2      | Found a snail-covered altar of Cheibriados.
  1511 | D:2      | Found a burning altar of Makhleb.
  1513 | D:2      | Found a faded altar of an unknown god.
  1563 | D:2      | Noticed Sigmund
  1580 | D:2      | Killed Sigmund
  1580 | D:2      | Reached XP level 4. HP: 44/45 MP: 4/4
  1580 | D:2      | Reached XP level 5. HP: 50/51 MP: 5/5
  1778 | D:3      | Reached ** piety under Trog
  2489 | D:3      | You fall into a shaft and drop 1 floor!
  2512 | D:4      | Reached XP level 6. HP: 47/58 MP: 6/6
  2680 | D:4      | Noticed Robin
  2720 | D:4      | Killed Robin
  2732 | D:4      | Found Puedacan's Distillery.
  2740 | D:4      | Bought a potion of degeneration for 13 gold pieces
  2740 | D:4      | Bought a potion of curing for 39 gold pieces
  2784 | D:4      | Found Donih's Magic Scroll Shoppe.
  2811 | D:4      | Bought a scroll of identify for 22 gold pieces
  2830 | D:4      | Reached *** piety under Trog
  2839 | D:4      | Noticed Menkaure
  2849 | D:4      | Killed Menkaure
  3124 | D:4      | Got a warped spear
  3125 | D:4      | Identified the +5 spear "Ecrez" {protect, *Rage rElec MR+}
                  | (You found it on level 4 of the Dungeon)
  3180 | D:4      | Reached XP level 7. HP: 68/68 MP: 7/7
  3399 | D:4      | Found Ydufyo's Gadget Emporium.
  3662 | D:3      | Found a shattered altar of Ashenzari.
  4145 | D:4      | Found Nomodgh's Magic Scroll Boutique.
  4152 | D:4      | Found Tin Mir's Distillery.
  4268 | D:4      | Bought a scroll of identify for 24 gold pieces
  4268 | D:4      | Bought a scroll of identify for 24 gold pieces
  4268 | D:4      | Bought a scroll of identify for 24 gold pieces
  4425 | D:5      | Entered Level 5 of the Dungeon
  4991 | D:6      | Reached skill level 1 in Bows
  5008 | D:6      | Reached skill level 2 in Bows
  5008 | D:6      | Reached XP level 8. HP: 79/79 MP: 8/8
  5099 | D:6      | Reached skill level 4 in Bows
  5148 | D:6      | Noticed Edmund
  5169 | D:6      | Killed Edmund
  5169 | D:6      | Reached skill level 5 in Bows
  5179 | D:6      | Found a staircase to the Ecumenical Temple.
  5192 | D:6      | Reached **** piety under Trog
  5195 | D:6      | Reached skill level 6 in Bows
  5367 | D:6      | Reached skill level 7 in Bows
  5739 | D:7      | Reached skill level 8 in Bows
  5804 | D:7      | Noticed a hippogriff
  5809 | D:7      | Killed a hippogriff
  5809 | D:7      | Reached skill level 9 in Bows
  5920 | D:7      | Reached XP level 9. HP: 76/85 MP: 9/9
  5924 | D:7      | Reached skill level 10 in Bows
  6235 | D:7      | Reached skill level 11 in Bows
  6246 | D:7      | Reached skill level 12 in Bows
  6499 | D:7      | Found a basalt altar of Yredelemnul.
  6944 | D:8      | Reached skill level 13 in Bows
  7727 | D:8      | Noticed a two-headed ogre
  7736 | D:8      | Killed a two-headed ogre
  7736 | D:8      | Reached skill level 14 in Bows
  7736 | D:8      | Reached XP level 10. HP: 87/92 MP: 10/10
  7901 | D:8      | Got a polished whip
  7902 | D:8      | Identified the +10 whip of Proximity {venom, +Fly} (You
                  | found it on level 8 of the Dungeon)
  8206 | D:8      | Reached ***** piety under Trog
  8206 | D:8      | Received a gift from Trog
  8578 | D:8      | Got a colourful robe
  8589 | D:8      | Identified the +2 robe of Japp {rElec rC+ Str+8 Dex-4} (You
                  | found it on level 8 of the Dungeon)
  8804 | D:8      | Reached skill level 15 in Bows
  9225 | D:9      | Noticed a two-headed ogre
  9230 | D:9      | Reached skill level 16 in Bows
  9572 | D:9      | Noticed Maurice
  9592 | D:9      | Killed Maurice
  9782 | D:9      | Reached skill level 17 in Bows
  9848 | D:9      | Found a staircase to the Lair.
  9863 | D:9      | Killed a two-headed ogre
  9863 | D:9      | Reached XP level 11. HP: 98/98 MP: 11/11
 10030 | D:9      | Noticed Borgoz's ghost (novice GrFi)
 10031 | D:9      | Found a runed translucent door.
 10067 | D:9      | Found an opulent altar of Gozag.
 10417 | D:10     | Entered Level 10 of the Dungeon
 10423 | D:10     | Received a gift from Trog
 10711 | D:10     | Noticed Josephine
 10731 | D:10     | Killed Josephine
 10731 | D:10     | Reached skill level 18 in Bows
 11518 | D:10     | Noticed an ice dragon
 11549 | D:10     | HP: 1/99 [ice dragon/blast of cold (18)]
 11552 | D:10     | Killed an ice dragon
 12167 | Lair:1   | Entered Level 1 of the Lair of Beasts
 12197 | D:9      | HP: 3/99 [wolf (4)]
 12198 | D:9      | Slain by a wolf

Levels and vault maps discovered:
D:1:      dpeg_arrival_tiny_a, layout_loops_corners
D:2:      layout_loops_ring, chequers_temple_overflow_minitemple, first_ration,
          uniq_jessica, uniq_sigmund
D:3:      layout_loops_cross, ashenzari_altar_1, cheibrodos_sewer_entry_bend
D:4:      layout_loops_cross, serial_shops, nicolae_shop_window_shopping,
          nicolae_shop_waterfront, shop, shop, nicolae_shop_window_shopping,
          uniq_menkaure, uniq_robin
D:5:      lemuel_ice_spiral_2, layout_basic
D:6:      layout_gridville, minmay_temple_entry_mist, uniq_edmund
D:7:      layout_cave_pods, lemuel_doored_altar, serial_column_ruins,
          column_ruins_pillar_4, column_ruins_pillar_1, column_ruins_pillar_9,
          column_ruins_pillar_1, column_ruins_pillar_7, column_ruins_pillar_2,
          column_ruins_pillar_6, column_ruins_pillar_3, column_ruins_pillar_1,
          column_ruins_pillar_1, column_ruins_pillar_9, grunt_livestock,
          minmay_the_grid_2x2 [minmay_the_grid_minigrid_medium,
          minmay_the_grid_minigrid_small_alt, minmay_the_grid_fan,
          minmay_the_grid_prize_inner_circle]
D:8:      layout_gridville, kennysheep_cross_bottleneck,
          grunt_decor_mini_mirrors
D:9:      layout_roguey, erik_lair_orcish_takeover,
          hellmonk_ghost_happy_afterlife,
          nicolae_gozag_cash_rules_everything_around_me, uniq_maurice
D:10:     dragon1_lemuel, layout_basic, uniq_josephine
Lair:1:   layout_chaotic_city, grunt_megastairs_2, lemuel_fruit_fields,
          lemuel_fruit_tree, lemuel_fruit_fields, uniq_nergalle, uniq_erica

Skill      XL: |  1  2  3  4  5  6  7  8  9 10 11 |
---------------+----------------------------------+-----
Fighting       | 4 6 8 9 |  9.6
Bows           | 2 9 14 17 18 | 18.9
Armour         | |  1.3
Dodging        | |  1.3
Unarmed Combat | |  3.0

Action                   |  1- 3 |  4- 6 |  7- 9 | 10-12 || total
-------------------------+-------+-------+-------+-------++-------
Melee: Unarmed           |    20 |    26 |       |       ||    46
       Kick              |    12 |    36 |    76 |     1 ||   125
       Club              |     1 |       |       |       ||     1
       Dagger            |    31 |    32 |       |       ||    63
       Short sword       |    32 |    96 |       |       ||   128
       Spear             |       |     6 |   308 |       ||   314
       Whip              |       |       |       |     3 ||     3
 Fire: Shortbow          |       |       |    42 |   415 ||   457
Invok: Berserk           |     3 |     5 |     6 |       ||    14
       Trog's Hand       |       |       |       |     1 ||     1
       Brothers in Arms  |       |       |       |     1 ||     1
Evoke: Wand              |       |       |     1 |     9 ||    10
  Use: Scroll            |     1 |     2 |    16 |     1 ||    20
       Potion            |     1 |     1 |     1 |     3 ||     6
  Eat: Chunk             |     2 |     6 |    12 |     8 ||    28
       Ration            |       |     1 |     2 |     1 ||     4
Armor: Scale mail        |    17 |       |       |       ||    17
       Plate armour      |    38 |    85 |   161 |    65 ||   349
Dodge: Dodged            |    18 |     5 |     2 |    20 ||    45
Block: Large shield      |     3 |   118 |   225 |       ||   346

Table legend:
 A = Non-vault XP
 B = Vault XP
 C = Vault XP percentage of total XP
 D = Non-vault monster count
 E = Vault monster count
 F = Vault count percentage of total count
                 A         B        C        D         E       F
            +---------+---------+-------+---------+---------+-------
      Total |   10315 |    6271 |  37.8 |     212 |      51 |  19.4
            +---------+---------+-------+---------+---------+-------
        D:1 |      13 |       0 |   0.0 |       7 |       0 |   0.0
        D:2 |      52 |     249 |  82.7 |      15 |       2 |  11.8
        D:3 |     246 |       5 |   2.0 |      30 |       1 |   3.2
        D:4 |     431 |     212 |  33.0 |      30 |      13 |  30.2
        D:5 |     179 |       0 |   0.0 |       5 |       0 |   0.0
        D:6 |     723 |     171 |  19.1 |      12 |       1 |   7.7
        D:7 |     788 |    1585 |  66.8 |      19 |      16 |  45.7
        D:8 |    2938 |       0 |   0.0 |      40 |       0 |   0.0
        D:9 |    3794 |    1275 |  25.2 |      38 |      12 |  24.0
       D:10 |    1151 |    2774 |  70.7 |      16 |       6 |  27.3
            +---------+---------+-------+---------+---------+-------
